Map: Línea Aguablanca EE

Players

MrFercho - Winner!

  • Race: Zerg Zerg
  • League: Gold
  • Spawn Location: 12:00

TATORREA - Winner!

  • Race: Protoss Protoss
  • League: Gold
  • Spawn Location: 1:00

tigro - Winner!

  • Race: Terran Terran
  • League: Bronze
  • Spawn Location: 1:00

Krsnik

  • Race: Protoss Protoss
  • Spawn Location: 7:00

Ayax

  • Race: Protoss Protoss
  • Spawn Location: 6:00

nitocortizo

  • Race: Protoss Protoss
  • Spawn Location: 7:00

VOD

Have the link to the VOD?

Description

Time

  • Played on: Aug. 11, 2020, 11:03 p.m.
  • Length: 20:11
Show
View Real Time Build Order
Export as new Build Order

MrFercho Zerg - Winner!

Build Orders: Pool First, Lurkers 

Get SALT Encoding   

  12  0:25  Spawning Pool, Drone  
  12  0:28  Drone  
  13  0:37  Overlord  
  13  0:42  Drone  
  14  0:49  Extractor, Drone  
  14  1:03  Drone  
  15  1:08  Drone  
  16  1:12  Queen  
  18  1:19  Drone  
  19  1:30  Zergling x2  
  20  1:41  Zergling x2  
  21  1:52  Zergling x2  
  22  2:19  Overlord  
  22  2:21  Overlord  
  22  2:28  Metabolic Boost  
  22  2:30  Lair  
  22  2:38  Drone x2  
  22  2:41  Zergling x4  
  26  2:58  Zergling x8  
  30  3:13  Drone  
  31  3:22  Hatchery  
  30  3:29  Zergling x4  
  32  3:42  Zergling x6  
  32  4:19  Zergling x10  
  29  4:37  Baneling Nest  
  28  4:38  Queen  
  28  4:40  Queen  
  28  4:41  Zergling x6  
  32  5:11  Zergling x12  
  32  5:12  Zergling x4  
  40  5:24  Drone  
  40  5:25  Centrifical Hooks  
  41  5:31  Baneling x12  
  41  5:32  Zergling x2  
  41  5:33  Zergling x2  
  43  5:40  Zergling x2  
  43  5:41  Overlord  
  43  5:49  Zergling x6  
  39  5:53  Zergling x2  
  40  6:03  Drone  
  41  6:05  Drone  
  41  6:06  Drone x2  
  44  6:13  Drone x2  
  44  6:16  Zergling x2  
  44  6:42  Zergling x6  
  44  6:43  Zergling x10  
  38  6:55  Zergling x2  
  38  6:56  Zergling x4  
  35  7:12  Zergling x2, Spore Crawler  
  35  7:15  Drone  
  28  7:48  Zergling x10  
  28  7:49  Zergling x8  
  33  8:03  Extractor, Drone x7  
  39  8:08  Extractor  
  38  8:13  Drone  
  38  8:14  Hydralisk Den  
  38  8:38  Baneling x12  
  38  8:54  Drone x6  
  44  8:56  Overlord x3  
  35  9:12  Hydralisk x3  
  41  9:17  Extractor  
  41  9:21  Drone x2  
  41  9:22  Drone  
  41  9:23  Drone  
  44  9:27  Grooved Spines  
  44  9:32  Evolution Chamber, Drone  
  44  9:34  Drone  
  45  9:43  Overlord x2  
  41  9:54  Hydralisk x2  
  41  9:56  Hydralisk  
  39  10:04  Hydralisk  
  38  10:14  Drone x3  
  41  10:23  Drone x3  
  44  10:45  Muscular Augments  
  44  10:46  Drone x5  
  49  10:51  Zerg Missile Weapons Level 1  
  49  11:14  Spire  
  48  11:19  Drone  
  48  11:20  Drone x3  
  48  11:24  Drone  
  53  11:31  Queen  
  55  11:39  Overlord x2  
  55  11:40  Overlord  
  55  11:49  Hydralisk  
  57  12:09  Lurker Den  
  57  12:14  Infestation Pit  
  55  12:16  Drone x2  
  55  12:18  Hydralisk  
  55  12:19  Hydralisk x6  
  71  12:28  Overlord  
  71  12:29  Overlord  
  71  13:07  Lurker x5  
  71  13:11  Zergling x2  
  71  13:12  Zergling x14  
  84  13:14  Overlord x2, Hatchery  
  77  13:59  Hive  
  77  14:01  Zerg Ground Armor Level 1  
  76  14:06  Mutalisk  
  76  14:07  Mutalisk x3  
  71  14:41  Hydralisk x7  
  85  15:15  Hydralisk x8  
  101  15:43  Zergling x2  
  101  15:44  Zergling x8  
  100  16:18  Hydralisk  
  98  16:20  Overlord x5  
  100  16:26  Zerg Missile Weapons Level 2  
  100  16:28  Seismic Spines  
  100  16:47  Hydralisk x4  
  108  17:02  Lurker x4  
  108  17:06  Zergling x18  
  121  17:13  Adrenal Glands  
  121  17:25  Adaptive Talons  
  82  18:45  Hydralisk  
  82  18:46  Hydralisk x14  
  110  19:15  Lurker x2  
  90  19:53  Zergling x26  
  90  19:54  Zergling x10  
Show
View Real Time Build Order
Export as new Build Order

TATORREA Protoss - Winner!

Build Orders:  

Get SALT Encoding   

  12  0:03  Probe  
  13  0:15  Probe  
  14  0:28  Pylon, Probe  
  15  0:46  Probe  
  16  0:53  Gateway  
  16  0:56  Gateway  
  16  0:58  Probe  
  17  1:10  Probe  
  18  1:12  Pylon  
  18  1:15  Assimilator  
  18  1:22  Probe  
  19  1:27  Pylon  
  19  1:28  Assimilator  
  19  1:34  Probe  
  20  1:46  Probe (Chrono Boost)  
  21  1:58  Probe (Chrono Boost)  
  21  1:59  Cybernetics Core  
  22  2:07  Probe (Chrono Boost)  
  23  2:27  Gateway  
  23  2:30  Gateway  
  23  2:35  Adept x2 (Chrono Boost), Warp Gate (Chrono Boost)  
  27  2:56  Adept x2 (Chrono Boost)  
  31  3:13  Nexus  
  31  3:20  Pylon  
  31  3:40  Probe  
  32  3:48  Pylon  
  32  3:52  Pylon, Probe  
  33  4:36  Probe x2  
  35  4:48  Probe x2  
  35  4:49  Stalker x4  
  41  5:00  Probe x2  
  39  5:12  Probe x2  
  41  5:24  Probe  
  42  5:28  Robotics Facility  
  42  5:29  Robotics Facility  
  42  5:31  Probe  
  43  5:36  Probe  
  43  5:37  Gateway  
  43  5:40  Gateway  
  43  5:42  Assimilator  
  44  5:43  Gateway, Probe  
  44  5:46  Stalker, Gateway  
  47  5:56  Probe  
  47  5:57  Probe  
  49  6:01  Assimilator  
  49  6:09  Probe x2  
  51  6:14  Nexus  
  51  6:16  Pylon  
  51  6:19  Pylon  
  51  6:23  Stalker  
  53  6:34  Observer  
  53  6:36  Immortal  
  58  6:46  Stalker x3  
  64  7:07  Probe x2  
  66  7:13  Immortal x2 (Chrono Boost)  
  66  7:19  Probe x2  
  76  7:28  Probe  
  77  7:31  Probe x2  
  79  7:40  Probe  
  79  7:43  Probe x2  
  82  7:46  Assimilator  
  82  7:47  Assimilator  
  82  7:49  Twilight Council  
  82  7:50  Immortal  
  86  7:55  Immortal  
  91  7:58  Probe x2  
  91  7:59  Probe  
  93  8:10  Probe x2  
  93  8:11  Probe  
  96  8:22  Probe  
  96  8:23  Charge (Chrono Boost), Probe x2  
  99  8:33  Forge  
  99  8:36  Forge  
  99  8:38  Forge  
  99  8:43  Probe x3  
  99  8:47  Zealot x3  
  108  8:54  Pylon  
  108  8:59  Pylon  
  108  9:03  Nexus  
  108  9:04  Pylon x2  
  108  9:05  Protoss Ground Armor Level 1 (Chrono Boost), Protoss Ground Weapons Level 1 (Chrono Boost), Protoss Shields Level 1 (Chrono Boost)  
  108  9:07  Pylon  
  108  9:31  Zealot x4  
  110  9:32  Zealot x4  
  124  9:54  Stalker x6  
  124  9:55  Stalker  
  124  9:56  Blink  
  138  10:15  Immortal x2  
  146  10:21  Probe x2  
  146  10:22  Probe  
  147  11:07  Nexus  
  147  11:10  Pylon  
  147  11:14  Pylon  
  147  11:18  Pylon  
  147  11:26  Pylon  
  147  11:31  Pylon  
  149  11:32  Probe x2  
  149  11:35  Pylon  
  149  11:36  Probe, Protoss Ground Weapons Level 2 (Chrono Boost)  
  149  11:39  Protoss Ground Armor Level 2 (Chrono Boost), Pylon  
  150  11:41  Nexus  
  150  11:43  Pylon  
  150  11:45  Pylon  
  150  11:58  Zealot x2  
  150  11:59  Zealot x2  
  158  12:01  Templar Archives, Zealot  
  158  12:02  Zealot x2  
  158  12:04  Zealot  
  158  12:05  Protoss Shields Level 2 (Chrono Boost)  
  166  12:11  Gateway  
  166  12:13  Gateway  
  166  12:16  Gateway  
  166  12:18  Gateway  
  166  12:20  Gateway  
  166  12:21  Probe x3  
  169  12:25  Gateway, Probe  
  169  12:28  Gateway  
  169  12:29  Assimilator  
  170  12:31  Gateway, Zealot x2  
  170  12:32  Zealot  
  170  12:33  Probe x3  
  170  12:34  Assimilator  
  179  12:37  Probe  
  180  12:45  Probe x3  
  180  12:49  Probe  
  184  13:00  Zealot x4  
  184  13:02  Zealot x4  
  99  14:28  Zealot x3  
  99  14:29  Zealot x4  
  99  14:30  Zealot x5  
  99  14:31  Zealot x3  
  94  15:13  Nexus  
  94  15:14  Immortal (Chrono Boost)  
  94  15:15  Protoss Ground Weapons Level 3 (Chrono Boost)  
  94  15:16  Protoss Shields Level 3 (Chrono Boost), Protoss Ground Armor Level 3 (Chrono Boost), Pylon  
  102  15:24  Immortal (Chrono Boost)  
  102  15:29  Psionic Storm  
  102  15:38  Zealot x4  
  102  15:40  Zealot  
  112  15:44  Zealot  
  112  15:46  Immortal  
  112  15:47  High Templar  
  112  15:48  High Templar  
  112  15:49  High Templar  
  124  15:52  High Templar  
  124  15:53  High Templar  
  124  15:55  Assimilator  
  124  15:56  Immortal, High Templar  
  134  15:57  High Templar  
  134  15:59  High Templar  
  134  16:00  Assimilator  
  134  16:01  High Templar  
  134  16:03  High Templar  
  142  16:05  Archon x3  
  142  16:06  Archon  
  142  16:08  Archon  
  142  16:25  Immortal, High Templar  
  146  16:26  High Templar x5  
  146  16:27  High Templar x4  
  146  16:28  High Templar  
  146  16:30  Archon x3  
  146  16:31  Archon x2  
  168  16:35  Immortal  
  172  16:52  High Templar x2  
  172  16:53  High Templar x2  
  180  17:07  Pylon  
  180  17:11  Pylon  
  180  17:12  Immortal x2  
  180  17:19  Pylon  
  180  17:22  Pylon  
  188  17:33  Archon  
  188  17:34  Archon  
  181  17:52  Immortal x2  
  177  18:26  High Templar  
  177  18:27  High Templar x3  
  181  18:28  High Templar x4  
  181  18:29  High Templar  
  181  18:33  Archon x4  
  135  19:14  High Templar x4  
  135  19:15  High Templar x3  
  135  19:16  High Templar x4  
  157  19:17  High Templar x4  
  157  19:20  Archon x4  
  157  19:21  Archon x3  
  155  19:51  Nexus  
  153  19:54  Pylon x2  
Show
View Real Time Build Order
Export as new Build Order

tigro Terran - Winner!

Build Orders:  

Get SALT Encoding   

  12  0:13  SCV  
  13  0:24  Supply Depot  
  13  0:25  SCV  
  14  0:38  SCV  
  15  0:47  Supply Depot  
  15  0:50  SCV  
  15  0:56  Barracks  
  16  1:00  Refinery  
  16  1:03  SCV  
  17  1:15  SCV  
  18  1:27  SCV, Refinery  
  19  1:39  SCV  
  20  1:44  Marine  
  21  1:51  SCV  
  22  2:02  Marine  
  22  2:03  SCV  
  24  2:11  Factory  
  24  2:16  SCV  
  24  2:20  Marine  
  26  2:30  Engineering Bay  
  26  2:34  Orbital Command  
  26  2:38  Marine  
  27  2:55  Factory Tech Lab  
  27  2:56  Marine  
  28  3:16  Command Center  
  28  3:20  Siege Tank  
  28  3:22  Barracks Tech Lab  
  31  3:33  Missile Turret  
  31  3:52  Siege Tank  
  31  3:55  Missile Turret  
  34  4:17  Combat Shield  
  34  4:22  Terran Infantry Weapons Level 1  
  34  4:30  Refinery  
  34  4:35  Missile Turret  
  34  4:55  Marine  
  34  4:56  Starport  
  35  5:04  SCV  
  36  5:13  Marine  
  37  5:16  SCV  
  37  5:18  Cyclone  
  41  5:28  SCV  
  41  5:31  Marine  
  43  5:36  Stimpack  
  43  5:40  SCV, Refinery  
  44  5:49  Marine  
  45  5:53  SCV  
  45  5:57  Medivac  
  48  6:05  SCV  
  48  6:06  Marine, Cyclone  
  48  6:07  Armory  
  53  6:16  Terran Infantry Armor Level 1  
  53  6:17  SCV  
  54  6:24  Marine  
  55  6:29  SCV  
  56  6:38  Cyclone  
  59  6:42  Marine  
  60  7:00  Marine  
  58  7:18  Marine  
  57  7:25  Medivac  
  57  7:35  Marine  
  44  7:53  Marine  
  43  7:59  Cyclone  
  46  8:09  Barracks  
  46  8:10  Hi-Sec Auto Tracking  
  46  8:11  Marine  
  46  8:29  Marine  
  46  8:31  Cyclone  
  50  8:39  Starport Tech Lab  
  50  8:47  Marine  
  51  9:00  Fusion Core  
  51  9:03  Cyclone  
  51  9:05  Marine  
  51  9:07  Barracks Reactor, Neosteel Armor  
  55  9:19  Supply Depot  
  55  9:22  Marine  
  48  9:35  Cyclone  
  49  9:40  Marine  
  49  9:41  Supply Depot  
  50  9:57  Medivac  
  50  9:58  Marine  
  53  10:04  Marine x2  
  53  10:05  Supply Depot  
  55  10:07  Cyclone  
  58  10:16  Marine  
  59  10:21  Marine  
  59  10:22  Marine  
  59  10:27  Battlecruiser  
  67  10:34  Marine  
  68  10:39  Marine, Cyclone  
  68  10:40  Marine  
  73  10:47  Terran Infantry Armor Level 2  
  73  10:51  Marine  
  74  10:57  Marine x2  
  76  11:09  Marine  
  77  11:11  Cyclone  
  77  11:14  Terran Vehicle Weapons Level 1  
  77  11:15  Marine x2  
  82  11:27  Marine  
  82  11:32  Battlecruiser  
  82  11:33  Marine x2  
  64  11:43  Cyclone  
  64  11:45  Marine  
  68  11:50  Marine  
  68  11:51  Marine  
  70  11:59  Weapon Refit  
  70  12:03  Marine  
  71  12:15  Cyclone  
  74  12:36  Battlecruiser  
  51  13:02  Terran Infantry Weapons Level 2  
  42  13:18  Marine x3  
  45  13:23  Cyclone  
  48  13:36  Marine x3  
  48  13:39  Rapid Reignition System  
  48  13:40  Battlecruiser  
  57  13:54  Marine x3  
  60  14:11  Marine  
  60  14:12  Marine x2  
  63  14:29  Marine x2  
  63  14:30  Marine  
  66  14:44  Medivac  
  68  14:47  Marine  
  42  15:14  Battlecruiser  
  42  15:19  Marine x3  
  51  15:22  Cyclone  
  54  15:37  Marine x3  
  57  15:54  Cyclone  
  57  15:55  Marine x3  
  63  16:13  Marine x3  
  66  16:18  Medivac  
  68  16:26  Cyclone  
  68  16:31  Marine  
  72  16:55  Command Center  
  72  16:58  Cyclone  
  57  17:30  Cyclone  
  42  17:40  Refinery  
  42  17:41  Marine x3  
  43  17:59  Marine x3  
  43  18:03  Cyclone  
  43  18:04  Medivac  
  51  18:17  Marine x3  
  54  18:34  Marine  
  54  18:35  Marine x2, Cyclone  
  60  18:52  Marine  
  61  19:07  Cyclone  
  46  19:39  Marine x3, Cyclone  
Show
View Real Time Build Order
Export as new Build Order

Krsnik Protoss 

Build Orders:  

Get SALT Encoding   

  12  0:01  Probe  
  13  0:14  Probe  
  14  0:25  Pylon  
  14  0:26  Probe  
  15  0:43  Probe (Chrono Boost)  
  15  0:46  Gateway  
  15  0:49  Assimilator  
  16  0:56  Probe (Chrono Boost)  
  17  1:03  Pylon, Probe (Chrono Boost)  
  18  1:10  Probe  
  19  1:23  Probe  
  20  1:26  Assimilator  
  20  1:35  Probe  
  20  1:38  Cybernetics Core  
  21  1:40  Zealot  
  23  1:47  Probe  
  24  1:55  Forge  
  24  1:59  Probe  
  25  2:06  Pylon  
  25  2:08  Warp Gate (Chrono Boost)  
  25  2:22  Robotics Facility  
  25  2:30  Photon Cannon  
  25  2:33  Photon Cannon  
  25  2:37  Zealot  
  27  2:49  Gateway  
  27  2:55  Pylon  
  27  2:59  Protoss Ground Weapons Level 1 (Chrono Boost)  
  27  3:18  Immortal  
  31  3:26  Pylon  
  31  3:44  Stalker x2  
  35  3:55  Gateway  
  35  3:57  Observer  
  34  4:25  Stalker  
  34  4:26  Stalker, Immortal (Chrono Boost)  
  40  5:14  Zealot x3  
  40  5:16  Immortal  
  39  5:53  Immortal (Chrono Boost), Zealot x3  
  49  5:59  Protoss Ground Armor Level 1 (Chrono Boost)  
  47  6:55  Stalker x3  
  53  7:27  Immortal  
  53  7:29  Stalker  
  53  7:30  Stalker  
  55  7:41  Twilight Council  
  55  8:35  Nexus  
  55  8:38  Pylon  
  55  8:41  Pylon  
  55  8:56  Probe  
  55  8:58  Shield Battery  
  56  9:03  Photon Cannon  
  56  9:07  Stalker, Photon Cannon  
  56  9:08  Stalker x2  
  56  9:09  Probe  
  63  9:18  Protoss Ground Weapons Level 2  
  63  9:21  Probe  
  64  9:30  Gateway  
  64  9:39  Observer  
  65  9:49  Probe  
  66  10:01  Probe  
  67  10:14  Probe  
  62  10:48  Stalker x3  
  62  10:49  Stalker  
  59  10:57  Shield Battery  
  59  11:09  Photon Cannon  
  59  11:12  Zealot x4  
  67  11:21  Assimilator  
  67  11:25  Assimilator  
  67  11:34  Zealot  
  67  11:35  Zealot x3  
  75  11:52  Protoss Ground Weapons Level 3 (Chrono Boost)  
  75  11:57  Observer  
  76  12:14  Pylon  
  76  12:18  Observer  
  76  12:32  Stalker  
  76  12:33  Stalker x3  
  84  12:40  Gateway  
  84  12:41  Photon Cannon  
  84  12:43  Photon Cannon, Probe  
  85  12:54  Shield Battery  
  85  12:55  Probe  
  86  13:08  Probe  
  86  13:10  Templar Archives  
  87  13:20  Probe  
  87  13:23  Zealot x3  
  94  13:29  Pylon  
  94  13:30  Pylon  
  94  13:32  Pylon  
  94  13:43  Nexus  
  94  13:47  Probe  
  95  14:16  Stalker x2  
  99  14:17  Stalker x2  
  98  14:41  Zealot  
  98  14:42  Zealot x3  
  102  15:02  High Templar x3  
  102  15:03  High Templar  
  110  15:10  Pylon  
  110  15:13  Nexus  
  110  15:17  Pylon  
  110  15:30  Psionic Storm  
  110  15:43  Protoss Ground Armor Level 2  
  110  15:59  Photon Cannon  
  110  16:01  Photon Cannon  
  108  16:27  Photon Cannon  
  108  16:30  Photon Cannon  
  108  16:31  Probe  
  109  16:33  Photon Cannon  
  109  16:35  Assimilator  
  109  16:43  Probe  
  109  16:46  High Templar x2  
  114  16:48  High Templar x2  
  118  16:55  Probe  
  118  16:56  Gateway  
  118  16:58  Gateway  
  119  17:03  Observer  
  119  17:07  Probe  
  121  17:11  High Templar  
  123  17:24  Observer  
  112  17:51  Stalker x3  
  112  17:52  Stalker, Zealot x2  
  112  17:54  Zealot  
  126  17:58  Blink (Chrono Boost)  
  102  18:44  Nexus  
Show
View Real Time Build Order
Export as new Build Order

Ayax Protoss 

Build Orders: 1 Gate Expand 

Get SALT Encoding   

  12  0:00  Probe (Chrono Boost)  
  13  0:10  Probe (Chrono Boost)  
  14  0:17  Probe  
  15  0:28  Pylon  
  15  0:48  Gateway  
  15  0:51  Assimilator  
  15  0:52  Probe  
  15  0:55  Assimilator  
  16  1:05  Probe  
  17  1:29  Nexus  
  17  1:39  Cybernetics Core  
  17  1:44  Probe (Chrono Boost)  
  18  1:53  Probe (Chrono Boost)  
  18  2:00  Pylon  
  19  2:05  Probe (Chrono Boost)  
  20  2:12  Warp Gate (Chrono Boost)  
  21  2:17  Probe (Chrono Boost)  
  21  2:20  Stalker  
  23  2:29  Probe  
  24  2:40  Forge  
  24  2:48  Probe  
  25  2:59  Robotics Facility, Probe  
  25  3:03  Probe  
  27  3:11  Probe  
  28  3:15  Probe  
  28  3:18  Photon Cannon  
  29  3:24  Pylon  
  29  3:27  Probe  
  29  3:32  Stalker  
  32  3:45  Shield Battery, Probe  
  33  3:52  Photon Cannon  
  33  4:11  Photon Cannon  
  33  4:12  Photon Cannon  
  31  4:34  Shield Battery, Probe (Chrono Boost)  
  32  4:39  Probe (Chrono Boost)  
  34  4:48  Assimilator  
  34  4:49  Probe x2 (Chrono Boost)  
  34  4:52  Immortal (Chrono Boost)  
  39  4:56  Probe  
  39  4:58  Photon Cannon  
  40  5:04  Robotics Bay  
  40  5:09  Probe (Chrono Boost)  
  41  5:19  Probe (Chrono Boost)  
  42  5:25  Gateway, Probe (Chrono Boost)  
  42  5:27  Warp Prism (Chrono Boost)  
  45  5:33  Protoss Ground Weapons Level 1  
  46  5:35  Probe (Chrono Boost)  
  46  5:52  Probe  
  47  5:59  Pylon  
  47  6:00  Colossus (Chrono Boost)  
  53  6:04  Extended Thermal Lance, Probe  
  54  6:27  Stalker x2  
  54  6:31  Nexus  
  58  6:32  Pylon  
  50  7:13  Photon Cannon  
  50  7:16  Shield Battery  
  50  7:17  Photon Cannon x2  
  44  7:27  Stalker x2  
  48  7:30  Colossus  
  54  7:42  Pylon  
  51  7:54  Shield Battery  
  51  7:58  Protoss Ground Armor Level 1 (Chrono Boost)  
  51  8:01  Probe (Chrono Boost)  
  52  8:06  Photon Cannon  
  52  8:07  Photon Cannon  
  52  8:09  Robotics Facility  
  52  8:11  Probe (Chrono Boost)  
  53  8:13  Pylon  
  53  8:16  Probe (Chrono Boost)  
  53  8:19  Probe  
  55  8:20  Twilight Council  
  55  8:24  Pylon  
  55  8:28  Probe  
  55  8:29  Assimilator  
  55  8:31  Probe  
  55  8:33  Assimilator  
  57  8:34  Assimilator  
  57  8:36  Pylon  
  57  8:40  Probe  
  58  8:44  Colossus (Chrono Boost)  
  64  8:52  Gateway  
  64  8:58  Gateway x2  
  64  9:01  Gateway  
  64  9:02  Gateway  
  64  9:03  Probe (Chrono Boost)  
  65  9:12  Probe (Chrono Boost)  
  65  9:16  Photon Cannon  
  66  9:18  Photon Cannon  
  66  9:22  Probe (Chrono Boost)  
  67  9:25  Shield Battery  
  68  9:32  Probe (Chrono Boost)  
  74  9:41  Colossus (Chrono Boost)  
  74  9:48  Stalker x2  
  76  10:05  Protoss Ground Weapons Level 2 (Chrono Boost)  
  68  10:11  Probe (Chrono Boost)  
  67  10:18  Colossus (Chrono Boost)  
  69  10:22  Probe x2 (Chrono Boost)  
  75  10:29  Probe  
  75  10:35  Stalker x3  
  78  10:36  Stalker x4  
  78  10:41  Probe  
  91  10:53  Probe  
  98  10:57  Colossus (Chrono Boost)  
  98  11:00  Stalker, Colossus (Chrono Boost)  
  106  11:06  Pylon  
  106  11:10  Pylon  
  106  11:13  Photon Cannon  
  106  11:21  Stalker  
  102  11:55  Stalker x3  
  102  11:56  Stalker x2  
  102  11:57  Stalker x2  
  116  12:01  Colossus  
  116  12:02  Blink (Chrono Boost)  
  122  12:18  Pylon  
  122  12:21  Photon Cannon  
  122  12:36  Colossus  
  122  12:37  Pylon  
  128  12:38  Protoss Ground Weapons Level 3  
  128  12:41  Pylon  
  128  12:43  Pylon  
  102  13:29  Warp Prism (Chrono Boost)  
  86  13:39  Stalker x2  
  86  13:40  Stalker x5  
  88  13:49  Colossus (Chrono Boost)  
  88  13:54  Gateway  
  82  13:55  Gateway  
  82  13:58  Colossus (Chrono Boost)  
  80  14:25  Stalker  
  80  14:26  Stalker x5  
  90  14:40  Stalker  
  90  14:45  Colossus (Chrono Boost)  
  88  14:52  Pylon, Observer  
  91  14:55  Robotics Facility  
  87  15:11  Probe  
  88  15:15  Colossus (Chrono Boost)  
  88  15:21  Nexus  
  94  15:23  Pylon, Probe  
  94  15:25  Pylon  
  95  15:40  Stalker x3  
  95  15:41  Stalker x4  
  109  15:58  Colossus  
  109  16:01  Colossus  
  121  16:05  Stalker x3  
  121  16:06  Stalker x2  
  131  16:13  Photon Cannon  
  131  16:23  Assimilator  
  131  16:40  Photon Cannon  
  131  16:41  Photon Cannon  
  131  16:43  Photon Cannon, Shield Battery  
  131  16:44  Shield Battery  
  131  16:50  Pylon  
  131  16:54  Assimilator  
  131  16:55  Assimilator, Colossus  
  131  16:58  Stalker  
  139  17:10  Observer  
  139  17:14  Protoss Ground Armor Level 2 (Chrono Boost)  
  140  17:30  Colossus  
  140  17:45  Stalker x5  
  140  17:46  Stalker  
  140  17:49  Colossus  
  154  17:53  Gravitic Boosters  
  95  18:15  Stalker  
  95  18:16  Stalker x4  
  95  18:17  Stalker x2  
  109  18:24  Colossus  
  107  18:43  Immortal  
  87  18:50  Stalker x3  
  87  18:51  Stalker x4  
  69  19:18  Stalker  
  69  19:19  Stalker x5  
  69  19:20  Stalker  
Show
View Real Time Build Order
Export as new Build Order

nitocortizo Protoss 

Build Orders:  

Get SALT Encoding   

  12  0:03  Probe (Chrono Boost)  
  14  0:15  Probe (Chrono Boost)  
  14  0:20  Probe (Chrono Boost)  
  14  0:24  Pylon  
  15  0:34  Assimilator  
  15  0:44  Pylon  
  15  0:54  Forge  
  15  1:06  Probe (Chrono Boost)  
  16  1:17  Probe (Chrono Boost)  
  17  1:21  Assimilator, Probe (Chrono Boost)  
  18  1:29  Gateway  
  18  1:32  Probe  
  19  1:44  Probe  
  20  1:56  Probe  
  21  2:08  Probe  
  22  2:18  Zealot  
  22  2:20  Probe (Chrono Boost)  
  25  2:32  Probe (Chrono Boost)  
  26  2:37  Probe (Chrono Boost)  
  27  2:45  Zealot  
  27  2:46  Pylon  
  29  3:05  Cybernetics Core  
  29  3:11  Gateway  
  29  3:12  Zealot  
  31  3:20  Gateway  
  31  3:25  Gateway  
  31  3:39  Photon Cannon  
  31  3:40  Zealot  
  33  3:43  Warp Gate  
  33  3:45  Protoss Shields Level 1  
  33  3:53  Shield Battery  
  33  3:57  Photon Cannon  
  33  4:41  Photon Cannon  
  33  4:47  Shield Battery  
  33  4:57  Photon Cannon  
  30  5:06  Pylon  
  30  5:37  Nexus  
  30  5:45  Photon Cannon  
  30  5:49  Stalker  
  32  5:51  Stalker  
  32  5:53  Stalker  
  32  5:55  Stalker  
  38  6:08  Pylon  
  36  7:25  Photon Cannon  
  36  7:31  Probe (Chrono Boost)  
  37  7:41  Stalker  
  37  7:42  Probe (Chrono Boost)  
  37  7:43  Stalker  
  42  7:45  Stalker  
  42  7:47  Stalker, Probe (Chrono Boost)  
  47  7:58  Probe (Chrono Boost)  
  48  8:10  Probe (Chrono Boost)  
  49  8:17  Assimilator, Probe (Chrono Boost)  
  50  8:20  Assimilator  
  50  8:24  Probe  
  51  8:29  Stalker  
  51  8:31  Stalker  
  55  8:35  Stalker  
  55  8:36  Probe  
  55  8:38  Stalker  
  38  10:02  Stalker  
  38  10:04  Stalker  
  42  10:09  Stalker  
  42  10:12  Stalker  
  46  10:31  Robotics Facility  
  46  10:37  Twilight Council  
  46  10:43  Photon Cannon  
  46  10:48  Probe (Chrono Boost)  
  47  10:55  Protoss Ground Armor Level 1  
  48  10:58  Probe (Chrono Boost)  
  48  11:02  Stalker  
  48  11:03  Probe (Chrono Boost)  
  50  11:09  Pylon  
  51  11:11  Protoss Air Armor Level 1  
  51  11:14  Probe  
  52  11:22  Templar Archives  
  52  11:25  Robotics Bay  
  52  11:26  Probe  
  52  11:31  Robotics Facility  
  54  11:40  Probe (Chrono Boost)  
  54  11:46  Stalker  
  56  11:48  Stalker  
  56  11:50  Probe (Chrono Boost)  
  56  11:51  Stalker  
  56  11:53  Stalker  
  63  11:55  Probe (Chrono Boost)  
  63  11:56  Immortal  
  68  12:06  Probe (Chrono Boost)  
  69  12:17  Probe (Chrono Boost)  
  69  12:21  Stalker  
  69  12:22  Probe (Chrono Boost)  
  72  12:23  Stalker  
  72  12:25  Stalker  
  77  12:32  Probe  
  77  12:37  Pylon  
  78  12:55  Immortal, Probe  
  83  13:03  Protoss Ground Weapons Level 1  
  83  13:18  Pylon  
  79  13:33  Colossus  
  65  14:05  Stalker  
  65  14:09  Stalker  
  69  14:11  Stalker  
  69  14:13  Stalker  
  73  14:27  Colossus  
  71  15:20  Colossus  
  77  15:23  Robotics Facility  
  77  15:26  Robotics Facility  
  77  15:42  Pylon  
  77  16:14  Colossus  
  83  16:29  Colossus  
  83  16:32  Colossus  
  89  16:38  Stalker  
  97  16:41  Stalker  
  97  16:43  Stalker  
  90  17:50  Colossus  
  96  17:56  Colossus  
  102  18:14  Pylon  
  102  18:31  Colossus  
  48  19:20  Stalker  
  48  19:21  Stalker  
  48  19:23  Stalker  
  54  19:26  Stalker  
Tags
 
Add a new tag
Caveats
  • Supply blocks, unpowered buildings, or Contaminate may cause inaccurate times.
  • Supply counts are checked every 10 seconds.